 Dungeon Crawl Stone Soup version 0.31.0-32-g396128a36d (webtiles) character file.

Game seed: 6325895436934816555

5539 Victorious the Fighter (level 10, -11/72 HPs)
             Began as an Octopode Shapeshifter on Mar 27, 2024.
             Was an Elder of Makhleb.
             Mangled by a yak (17 damage)
             ... on level 9 of the Dungeon.
             The game lasted 00:14:15 (9684 turns).

Victorious the Fighter (Octopode Shapeshifter)      Turns: 9684, Time: 00:14:16

Health: -11/72     AC:  1    Str: 13    XL:     10   Next: 71%
Magic:  13/14      EV: 17    Int: 18    God:    Makhleb [****..]
Gold:   304        SH:  0    Dex: 11    Spells: 6/9 levels left

rFire   . . .        C - melded +6 whip "Ydorril" {drain, rF+ rN++ Dex+3}
rCold   . . .        (shield currently unavailable)
rNeg    . . .        (helmet restricted)
rPois   +            p - amulet of faith {!P}
rElec   .            P - ring of poison resistance
rCorr   .            (no ring)
SInv    .            (no ring)
Will    .....        (no ring)
Stlth   +            (no ring)
HPRegen 0.32/turn    (no ring)
MPRegen 0.14/turn    (no ring)
                     (no ring)

%: faith
@: flux-form, fugue, glowing
A: glow, contaminating, almost no armour, amphibious, 8 rings, camouflage 1,
gelatinous body 1, (nimble swimmer 1), tentacles
a: Begin Untransformation, Renounce Religion, Minor Destruction, Lesser Servant
of Makhleb, Major Destruction


You were on level 9 of the Dungeon.
You worshipped Makhleb.
Makhleb was greatly pleased with you.
You were something dangerously unstable.
You visited 1 branch of the dungeon, and saw 10 of its levels.

You collected 616 gold pieces.
You spent 312 gold pieces at shops.


Innate Abilities, Weirdness & Mutations

You are something dangerously unstable.
You glow with magical radiation, making you easy to see and hit.
Foes you strike become dangerously contaminated with magical radiation.
You are incapable of wielding weapons or throwing items.
You cannot wear most types of armour.
You are amphibious.
You can wear up to eight rings at the same time.
Your skin changes colour to match your surroundings (Stealth+).
Your rubbery body absorbs attacks. (AC +1, EV +1)
((You are camouflaged when in or above water. (Stealth+)))
You have tentacles for arms and can constrict up to eight enemies at once.


   Skills:
 + Level 8.2 Fighting
 - Level 2.0 Dodging
 - Level 8.0 Unarmed Combat
 - Level 5.0 Necromancy
 - Level 6.0 Invocations
 + Level 8.1 Shapeshifting


You had 6 spell levels left.
You knew the following spells:

 Your Spells              Type           Power      Damage    Failure   Level
f - Fugue of the Fallen   Necr           18%        N/A       9%          3

Your spell library contained the following spells:

 Spells                   Type           Power      Damage    Failure   Level
 Ensorcelled Hibernation  Hex/Ice        0%         N/A       32%         2
 Dazzling Flash           Conj/Hex       0%         N/A       54%         3
 Mephitic Cloud           Conj/Alch/Air  0%         N/A       54%         3
 Ozocubu's Armour         Ice            0%         N/A       54%         3
 Anguish                  Hex/Necr       4%         N/A       61%         4
 Curse of Agony           Necr           18%        N/A       61%         5
 Olgreb's Toxic Radiance  Alch           0%         N/A       91%         4
 Metabolic Englaciation   Hex/Ice        0%         N/A       99%         5
 Silence                  Hex/Air        0%         N/A       99%         5
 Sculpt Simulacrum        Ice/Alch       0%         N/A       100%        6
 Ozocubu's Refrigeration  Ice            0%         4d7       100%        7
 Discord                  Hex            0%         N/A       100%        8

Inventory:

Hand Weapons
 C - the +6 whip "Ydorril" (melded) {drain, rF+ rN++ Dex+3}
   (You found it on level 3 of the Dungeon)

   Dex+3:     It affects your dexterity (+3).
   rF+:       It protects you from fire.
   rN++:      It greatly protects you from negative energy.
Missiles
 m - 5 atropa-tipped darts (quivered)
 s - 21 poisoned darts
Jewellery
 p - an amulet of faith (around mantle) {!P}
 P - a ring of poison resistance (left tentacle)
Talismans
 b - a beast talisman
 c - a flux talisman (active)
Wands
 w - a wand of flame (59)
 A - a wand of polymorph (6)
 I - a wand of acid (4)
Scrolls
 d - a scroll of butterflies {unknown}
 f - a scroll of fear {unknown}
 g - 2 scrolls of immolation {unknown}
 h - 2 scrolls of vulnerability {unknown}
 k - a scroll of silence {unknown}
 l - 3 scrolls of teleportation {unknown}
 o - 3 scrolls of amnesia {unknown}
 q - a scroll of poison {unknown}
 r - 3 scrolls of fog {unknown}
 u - 2 scrolls of enchant armour {unknown}
 y - 4 scrolls of revelation {unknown}
 z - 6 scrolls of enchant weapon {unknown}
 D - 2 scrolls of blinking {unknown}
Potions
 a - a potion of lignification
 e - 3 potions of ambrosia
 i - 2 potions of might
 j - a potion of haste {@q3}
 n - 3 potions of curing {@q1}
 t - a potion of invisibility
 v - a potion of magic
 x - 2 potions of heal wounds {@q2}
 B - 2 potions of enlightenment
 E - a potion of resistance
 F - a potion of attraction
 G - a potion of degeneration
 H - 2 potions of mutation

Dungeon Overview and Level Annotations

Branches:
Dungeon (10/15)            Temple (0/1) D:6
   Lair: D:8-11         Orc: D:9-12

Altars:
Dithmenos
Elyvilon
Fedhas
Hepliaklqana
Kikubaaqudgha
Makhleb
Nemelex Xobeh
Ru
Vehumet
Wu Jian
Xom
Yredelemnul
The Shining One

Shops:
D:1 =   D:4 =   D:8 ! D:10

[ ##.# ###.....## #.##
###........### ##..##
##............# ## #....##
##.............###.
##..##.###..............##..
##..####.................#..#
#.)## ##.................###
##..# #.................##
#..## #....pY..........##
#.## ##....>Y........## ###
##..Y..........#
#............##
#............# #...........##
#..........## #..........#
### #....##...##


You could see 3 yaks.


Message History

You tentacle-slap the yak.
The yak glows dangerously bright.
The yak is moderately wounded.
The yak gores you.
* * * LOW HITPOINT WARNING * * *
The yak barely misses you.
Unknown command.
You tentacle-slap the yak.
The yak shudders as magic cascades through it.
The yak twists and deforms.
The yak is moderately wounded.
The yak gores you.
* * * LOW HITPOINT WARNING * * *
Unknown command.
You tentacle-slap the yak.
The yak begins to glow.
The yak is heavily wounded.
The yak gores you.
* * * LOW HITPOINT WARNING * * *
The yak completely misses you. The yak gores you!
* * * LOW HITPOINT WARNING * * *
Unknown command.
The yak attacks as it pursues you! The yak barely misses you. x2
There is a stone staircase leading up here.
The yak gores you!
* * * LOW HITPOINT WARNING * * *
The yak misses you. The yak closely misses you.
You climb upwards.
There is a stone staircase leading down here.
Unknown command.
The yak gores you!
You die...

Skill      XL: |  1  2  3  4  5  6  7  8  9 10 |
---------------+-------------------------------+-----
Fighting       | 2 3 4 5 6 7 8 |  8.2
Shapeshifting  | 4 5 7 8 |  8.1
Unarmed Combat | 6 7 8 |  8.0
Necromancy     | 1 5 |  5.0
Invocations    | 1 4 6 |  6.0
Dodging        | |  2.0

Action                     |  1- 3 |  4- 6 |  7- 9 | 10-12 || total
---------------------------+-------+-------+-------+-------++-------
  Melee: Unarmed           |    63 |    10 |   110 |   132 ||   315
         Constrict         |    16 |    27 |    51 |    27 ||   121
         Tentacles         |    13 |    14 |    61 |    44 ||   132
         Punch             |     1 |     4 |     4 |       ||     9
         Short sword       |       |    50 |       |       ||    50
         Whip              |       |    37 |   103 |       ||   140
   Cast: Fugue of the Fall |       |       |     4 |     8 ||    12
  Evoke: Wand              |       |       |       |     1 ||     1
    Use: Scroll            |       |       |     5 |     4 ||     9
         Potion            |       |       |     1 |       ||     1
   Stab: Sleeping          |     4 |     8 |     7 |       ||    19
 Armour: Skin              |    15 |    43 |   129 |    67 ||   254
  Dodge: Dodged            |    32 |    59 |   160 |   131 ||   382
   Form: Flux              |       |       |     1 |       ||     1

Levels and vault maps discovered:
D:1:      sevenhm_arrival_forest_fort_small_5, layout_basic,
          ebering_ecumenical_altar_sacrificial, serial_shops,
          nicolae_shop_gaudy_bauble, minmay_pentomino_w4
D:2:      layout_basic, basic_altar, grunt_ministairs_6, hangedman_decor_lopped
D:3:      layout_loops_cross, lemuel_round_altar,
          nicolae_overflow_ecumenical_swirl, tso_metal_star, dk_vineyard_2
D:4:      layout_cave_pools, nicolae_dithmenos_shadow_blocks,
          gammafunk_temple_overflow_wave, serial_shops, shop, uniq_menkaure
D:5:      layout_layer_cave, hangedman_feature_mirror
D:6:      layout_rooms, mainiacjoe_overflow_alcove_2,
          gammafunk_temple_overflow_claw, minmay_temple_entry_ruins,
          kb_lookout_dungeons_type, minmay_misc_feat_plants
D:7:      layout_cave_pods, minmay_mini_ossuary, uniq_jeremiah
D:8:      nicolae_cairo_tiling_large_dashed, layout_loops_cross,
          fiery_altar_vehumet, serial_shops,
          nicolae_shop_temple_entry_statues_fountains, lightli_minifort
D:9:      layout_cave_pods, nemelex_spade_bored_becter
D:10:     layout_irregular_city, nicolae_uskayaw_murder_on_the_dancefloor,
          slow_altar_1, lair_entry_dummy, david_orc_4, serial_shops, shop,
          kennysheep_island_fort, uniq_fannar

Notes
Turn   | Place    | Note
-------+----------+-------------------------------------------
     0 | D:1      | Victorious the Octopode Shapeshifter began the quest for
                  | the Orb.
     0 | D:1      | Reached XP level 1. HP: 13/13 MP: 1/1
    44 | D:1      | Reached skill level 2 in Fighting
    44 | D:1      | Reached XP level 2. HP: 19/19 MP: 2/2
   196 | D:1      | Found a faded altar of an unknown god.
   283 | D:1      | Reached XP level 3. HP: 25/25 MP: 3/3
   349 | D:1      | Reached skill level 3 in Fighting
   420 | D:1      | Found Xymm's Jewellery Shoppe.
   902 | D:2      | Reached XP level 4. HP: 28/31 MP: 4/4
  1007 | D:2      | Identified the +6 short sword "Tamiurphe" {venom, *Noise
                  | rElec rC+ Dex+3}
  1141 | D:2      | Found an ornate altar of the Wu Jian Council.
  1523 | D:3      | Reached XP level 5. HP: 37/37 MP: 5/5
  1535 | D:3      | Reached skill level 4 in Fighting
  1535 | D:3      | Reached skill level 4 in Shapeshifting
  1755 | D:3      | Found a glowing golden altar of the Shining One.
  1821 | D:3      | Found a burning altar of Makhleb.
  2196 | D:3      | Identified the +6 whip "Ydorril" {drain, rF+ rN++ Dex+3}
  2229 | D:3      | Found a faded altar of an unknown god.
  2233 | D:3      | Found a blossoming altar of Fedhas.
  2368 | D:3      | Became a worshipper of Makhleb the Destroyer
  2442 | D:4      | Noticed Menkaure
  2449 | D:4      | Killed Menkaure
  2450 | D:4      | Reached XP level 6. HP: 45/45 MP: 6/6
  2502 | D:4      | Learned a level 3 spell: Fugue of the Fallen
  2620 | D:4      | Found a shadowy altar of Dithmenos.
  2777 | D:4      | Found Dezaishra's Jewellery Boutique.
  2823 | D:4      | Reached skill level 5 in Fighting
  2825 | D:4      | Reached * piety under Makhleb
  2826 | D:4      | Reached skill level 5 in Shapeshifting
  2911 | D:4      | Found an ancient bone altar of Kikubaaqudgha.
  2911 | D:4      | Found a shimmering altar of Xom.
  3012 | D:5      | Entered Level 5 of the Dungeon
  3016 | D:5      | Reached XP level 7. HP: 49/50 MP: 7/7
  3120 | D:5      | Reached skill level 6 in Shapeshifting
  3435 | D:5      | Reached skill level 7 in Shapeshifting
  3435 | D:5      | Reached XP level 8. HP: 20/55 MP: 8/8
  3558 | D:5      | Found a glowing golden altar of the Shining One.
  3867 | D:5      | Reached skill level 4 in Unarmed Combat
  4138 | D:5      | Found a white marble altar of Elyvilon.
  4185 | D:6      | Reached skill level 6 in Fighting
  4195 | D:6      | Reached skill level 5 in Unarmed Combat
  4399 | D:6      | Reached ** piety under Makhleb
  4415 | D:6      | Found a staircase to the Ecumenical Temple.
  4418 | D:6      | Reached skill level 6 in Unarmed Combat
  4699 | D:6      | Found an ornate altar of the Wu Jian Council.
  4774 | D:6      | Reached skill level 1 in Necromancy
  4829 | D:6      | Found a hazy altar of Hepliaklqana.
  4829 | D:6      | Found a basalt altar of Yredelemnul.
  4829 | D:6      | Found a sacrificial altar of Ru.
  4846 | D:6      | Reached skill level 1 in Invocations
  4905 | D:6      | Reached XP level 9. HP: 52/63 MP: 8/10
  4961 | D:6      | Reached skill level 2 in Necromancy
  4961 | D:6      | Reached skill level 2 in Invocations
  5624 | D:7      | Reached skill level 3 in Invocations
  5803 | D:7      | Reached skill level 3 in Necromancy
  5981 | D:7      | Reached skill level 7 in Fighting
  6125 | D:7      | Noticed Jeremiah
  6215 | D:7      | Reached skill level 7 in Unarmed Combat
  6403 | D:7      | Killed Jeremiah
  6404 | D:7      | Reached skill level 4 in Necromancy
  6404 | D:7      | Reached skill level 4 in Invocations
  6860 | D:8      | Found a radiant altar of Vehumet.
  6872 | D:8      | Noticed a hornet
  6880 | D:8      | Killed a hornet
  6881 | D:8      | Reached skill level 5 in Necromancy
  7023 | D:8      | Noticed a cyclops
  7033 | D:8      | Killed a cyclops
  7034 | D:8      | Reached XP level 10. HP: 25/71 MP: 13/13
  7194 | D:8      | You fall into a shaft and drop 1 floor!
  7203 | D:9      | Reached *** piety under Makhleb
  7228 | D:9      | Reached skill level 5 in Invocations
  7344 | D:9      | Identified a potion of resistance
  8153 | D:8      | Found Uxtotoph's Distillery.
  8163 | D:8      | Bought a potion of might for 52 gold pieces
  8163 | D:8      | Bought a potion of attraction for 39 gold pieces
  8163 | D:8      | Bought a potion of degeneration for 13 gold pieces
  8163 | D:8      | Bought 2 potions of mutation for 208 gold pieces
  8347 | D:8      | Reached **** piety under Makhleb
  8761 | D:9      | Reached skill level 8 in Fighting
  8845 | D:9      | Reached skill level 8 in Unarmed Combat
  9278 | D:9      | Found a sparkling altar of Nemelex Xobeh.
  9364 | D:9      | Reached skill level 6 in Invocations
  9364 | D:9      | Reached skill level 8 in Shapeshifting
  9651 | D:10     | Entered Level 10 of the Dungeon
  9651 | D:10     | Found Riusen's Antique Armour Boutique.
  9682 | D:10     | HP: 6/72 [yak (10)]
  9684 | D:9      | Mangled by a yak

Vanquished Creatures
  A cyclops (D:8)
  Jeremiah (D:7)
  2 hornets (D:8)
  A wyvern (D:9)
  A shadow (D:9)
  A yak (D:10)
  Menkaure (D:4)
  4 water moccasins
  2 ice beasts
  An orc warrior (D:8)
  A sky beast (D:7)
  2 black bears (D:5)
  3 ogres
  5 centaurs
  A phantom (D:7)
  4 bullfrogs
  3 kobold brigands
  3 scorpions
  11 wights
  4 howler monkeys
  2 bombardier beetles
  An electric eel (D:8)
  A jelly (D:6)
  2 hounds
  5 orc priests
  3 sleepcaps
  An iguana (D:6)
  6 orc wizards
  3 killer bee zombies (D:7)
  An ogre zombie (D:7)
  A mummy (D:7)
  7 adders
  A shadow imp (D:8)
  2 white imps
  3 dart slugs
  A ribbon worm (D:3)
  35 orcs
  4 endoplasms
  2 giant cockroaches (D:1)
  14 goblins
  8 hobgoblins
  9 jackals
  17 kobolds
  4 quokkas
  5 ball pythons
  8 bats
  2 frilled lizards
  10 rats
210 creatures vanquished.

Table legend: (Time is in decaauts)
 A = Elapsed time spent in this place.
 B = Non-inter-level travel time spent in this place.
 C = Inter-level travel time spent in this place.
 D = Time resting spent in this place.
 E = Time spent auto-exploring this place.
 F = Levels seen in this place.
 G = Mean time per level.
                   A        B        C        D        E       F      G
               +--------+--------+--------+--------+--------+-----+--------+
         Total |   9672 |   9257 |    415 |   1353 |   6509 |  10 |  967.2 |
       Dungeon |   9672 |   9257 |    415 |   1353 |   6509 |  10 |  967.2 |
               +--------+--------+--------+--------+--------+-----+--------+

Top non-repeatable levels by time:
     D:7: 1685 daAuts
     D:9: 1406 daAuts
     D:8: 1382 daAuts
     D:5: 1173 daAuts
     D:3: 1036 daAuts
     D:6: 986 daAuts
     D:1: 748 daAuts
     D:2: 632 daAuts
     D:4: 592 daAuts
    D:10: 29 daAuts

Table legend:
 A = Non-vault XP
 B = Vault XP
 C = Vault XP percentage of total XP
 D = Non-vault monster count
 E = Vault monster count
 F = Vault count percentage of total count
                 A         B        C        D         E       F
            +---------+---------+-------+---------+---------+-------
      Total |    6661 |    1253 |  15.8 |     186 |      24 |  11.4
            +---------+---------+-------+---------+---------+-------
        D:1 |      51 |       8 |  13.6 |      30 |       5 |  14.3
        D:2 |      48 |       4 |   7.7 |      10 |       2 |  16.7
        D:3 |     134 |       0 |   0.0 |      28 |       0 |   0.0
        D:4 |     167 |     169 |  50.3 |      18 |       1 |   5.3
        D:5 |     780 |     259 |  24.9 |      14 |       4 |  22.2
        D:6 |     878 |     112 |  11.3 |      14 |       1 |   6.7
        D:7 |    1032 |     521 |  33.5 |      27 |       6 |  18.2
        D:8 |    1735 |     180 |   9.4 |      18 |       5 |  21.7
        D:9 |    1637 |       0 |   0.0 |      26 |       0 |   0.0
       D:10 |     199 |       0 |   0.0 |       1 |       0 |   0.0
            +---------+---------+-------+---------+---------+-------
